 Dungeon Crawl Stone Soup version 0.31-a0-559-g03b8d61ab2 (webtiles) character file.

Game seed: 25561003969861639

233 kuzmorgo the Magician (level 5, -2/28 HPs)
             Began as a Deep Elf Hedge Wizard on Aug 17, 2023.
             Slain by Blork the orc
             ... wielding a +0 trident
              (3 damage)
             ... on level 4 of the Dungeon.
             The game lasted 00:13:08 (3814 turns).

kuzmorgo the Magician (Deep Elf Hedge Wizard)       Turns: 3814, Time: 00:13:10

Health: -2/28      AC:  4    Str:  7    XL:     5   Next: 74%
Magic:  7/15       EV: 12    Int: 21    God:
Gold:   226        SH:  0    Dex: 14    Spells: 7/15 levels left

rFire   + . .        q - staff of conjuration
rCold   . . .        (no shield)
rNeg    . . .        o - +2 robe {rF+}
rPois   .            c - +0 hat
rElec   .            t - scarf {harm}
rCorr   .            (no gloves)
SInv    .            (no boots)
Will    .....        s - amulet of the acrobat
Stlth   ++           (no ring)
HPRegen 0.24/turn    (no ring)
MPRegen 0.14/turn

%: harm (+30% outgoing, +20% incoming), acrobat
@: no status effects
A: no striking features
a: no special abilities


You were on level 4 of the Dungeon.
You visited 1 branch of the dungeon, and saw 4 of its levels.

You collected 226 gold pieces.

Inventory:

Hand Weapons
 a - a +0 dagger
Armour
 c - a +0 hat (worn)
 o - a +2 robe of fire resistance (worn)
 t - a scarf of harm (worn)
Magical Staves
 q - a staff of conjuration (weapon)
Jewellery
 s - an amulet of the acrobat (around neck)
Wands
 b - a wand of paralysis (12)
Scrolls
 g - a scroll of enchant weapon {unknown}
 h - 2 scrolls of butterflies {unknown}
 j - 2 scrolls of blinking
 k - a scroll of fear {unknown}
 n - 2 scrolls of poison {unknown}
Potions
 d - a potion of magic
 e - a potion of attraction
 f - 3 potions of enlightenment {unknown}
 i - 9 potions of curing
 l - 2 potions of heal wounds {unknown}
 m - a potion of resistance {unknown}
 p - a potion of invisibility {unknown}
 r - 2 potions of lignification {unknown}


   Skills:
 - Level 2.5 Dodging
 - Level 2.5 Stealth
 + Level 5.9 Spellcasting
 - Level 4.0 Conjurations
 - Level 1.2 Summonings
 - Level 1.2 Translocations
 * Level 1.6 Air Magic
 + Level 0.7 Earth Magic
 * Level 2.0 Poison Magic


You had 7 spell levels left.
You knew the following spells:

 Your Spells              Type           Power      Damage    Failure   Level
a - Magic Dart            Conj           100%       1d8       1%          1
b - Blink                 Tloc           22%        N/A       9%          2
c - Mephitic Cloud        Conj/Pois/Air  25%        N/A       11%         3
d - Passwall              Tmut/Erth      5%         N/A       13%         2

Your spell library contained the following spells:

 Spells                   Type           Power      Damage    Failure   Level
 Shock                    Conj/Air       100%       1d9       3%          1
 Call Imp                 Summ           22%        N/A       9%          2
 Cigotuvi's Dreadful Rot  Necr/Pois/Air  22%        N/A       9%          2
 Slow                     Hex            24%        N/A       10%         1
 Ensorcelled Hibernation  Hex/Ice        12%        N/A       16%         2
 Swiftness                Air            13%        N/A       16%         3
 Airstrike                Air            6%         2d(1-17)  45%         4
 Malign Gateway           Summ/Tloc      5%         N/A       100%        7
 Summon Horrible Things   Summ           5%         N/A       100%        8


Dungeon Overview and Level Annotations

Branches:
Dungeon (4/15)
 Temple: D:4-7

Altars:

Annotations:
D:3 1 runed translucent door, niknal's ghost, amateur TeWr
D:4 Blork the orc


Message History

You hit Blork the orc but do no damage.
Blork the orc is heavily wounded.
Blork the orc hits you with a +0 trident.
You hit Blork the orc but do no damage.
Blork the orc is heavily wounded.
Your magical contamination has completely faded away.
You hit Blork the orc.
Blork the orc is heavily wounded.
Casting: Magic Dart (safe; 1% risk of failure)
Confirm with . or Enter, or press ? or * to list all spells.
Aiming: Mephitic Cloud (quite dangerous; 11% risk of failure)
Press: ? - help, Shift-Dir - straight line, f/p - Blork the orc
Aim: Blork the orc, wielding a +0 trident and wearing a +0 robe (heavily wounded, fast, confused, chance to affect: 86%)
You feel a surge of power!
The ball explodes into a vile cloud!
The stinking cloud engulfs Blork the orc but does no damage.
Blork the orc is heavily wounded.
Blork the orc is engulfed in noxious fumes.
Blork the orc appears confused.
Blork the orc is engulfed in noxious fumes.
Blork the orc appears confused.
Blork the orc misses you.
You barely miss Blork the orc.
Blork the orc is heavily wounded.
Blork the orc is engulfed in noxious fumes.
Blork the orc appears confused.
Blork the orc hits you with a +0 trident!
Blork the orc is engulfed in noxious fumes.
You hit Blork the orc.
Blork the orc is heavily wounded.
Blork the orc closely misses you.
You catch the helpless Blork the orc completely off-guard!
You hit Blork the orc but do no damage.
Blork the orc is heavily wounded.
Blork the orc completely misses you. Blork the orc barely misses you.
You hit Blork the orc but do no damage.
Blork the orc is heavily wounded.
Blork the orc hits you with a +0 trident!
* * * LOW HITPOINT WARNING * * *
Blork the orc cries.
Blork the orc hits you with a +0 trident.
You die...

# ##..#
#.####.# .
##.#
#......# #.
#.# ########
.###.# ##.#
......###..#
...........#
....###.####
. #.## #o@#
##.# #.# #.#
#.# #.# ..#
###


You could see Blork the orc (fast, confused).

Vanquished Creatures
  A scorpion (D:4)
  An orc priest (D:4)
  Jessica (D:2)
  3 adders (D:2)
  2 worms (D:2)
  7 orcs
  4 endoplasms
  5 giant cockroaches
  6 goblins
  11 hobgoblins
  2 jackals (D:1)
  4 quokkas
  9 ball pythons
  4 bats
  3 frilled lizards
  8 kobolds
  6 rats
  A spectral goblin (D:3)
78 creatures vanquished.

Notes
Turn   | Place    | Note
-------+----------+-------------------------------------------
     0 | D:1      | kuzmorgo the Deep Elf Hedge Wizard began the quest for the
                  | Orb.
     0 | D:1      | Reached XP level 1. HP: 10/10 MP: 7/7
   429 | D:1      | Reached XP level 2. HP: 15/15 MP: 5/9
   615 | D:1      | Learned a level 2 spell: Blink
  1227 | D:2      | Reached XP level 3. HP: 19/19 MP: 8/11
  1231 | D:2      | Learned a level 3 spell: Mephitic Cloud
  1305 | D:2      | Noticed Jessica
  1311 | D:2      | Killed Jessica
  1312 | D:2      | Reached skill level 5 in Spellcasting
  1395 | D:2      | Reached XP level 4. HP: 24/24 MP: 11/13
  2260 | D:3      | Found a runed translucent door.
  2622 | D:3      | Found a faded altar of an unknown god.
  2837 | D:3      | Noticed niknal's ghost (amateur TeWr)
  3155 | D:4      | Reached skill level 1 in Poison Magic
  3155 | D:4      | Reached XP level 5. HP: 28/28 MP: 6/15
  3160 | D:4      | Reached skill level 1 in Air Magic
  3423 | D:4      | Learned a level 2 spell: Passwall
  3796 | D:4      | Noticed Blork the orc
  3814 | D:4      | HP: 1/28 [Blork the orc/+0 trident (9)]
  3814 | D:4      | Slain by Blork the orc

Illustrated notes

Levels and vault maps discovered:
D:1:      nicolae_arrival_somewhat_less_tricky_arrival, layout_basic
D:2:      layout_basic, minmay_split_cup_large, uniq_jessica
D:3:      layout_basic, dreamdust_ecumenical_altar_drowned_temple,
          ebering_ghost_sewer_d, serial_bayou_ford_a, kennysheep_flooded_box
D:4:      layout_loops_cross, supply_closet_lemuel, uniq_blork_the_orc

Skill      XL: |  1  2  3  4  5 |
---------------+----------------+-----
Conjurations   | 2 3 4 |  4.0
Spellcasting   | 5 |  5.9
Poison Magic   | 1 2 |  2.0
Air Magic      | 1 |  1.6
Dodging        | |  2.5
Stealth        | |  2.5
Summonings     | |  1.2
Translocations | |  1.2
Earth Magic    | |  0.7

Action                     |  1- 3 |  4- 6 || total
---------------------------+-------+-------++-------
  Melee: Dagger            |     7 |       ||     7
         Punch             |     2 |       ||     2
         Staff             |       |    10 ||    10
   Cast: Magic Dart        |    71 |   112 ||   183
         Mephitic Cloud    |       |     3 ||     3
         Blink             |       |     1 ||     1
    Use: Scroll            |       |     3 ||     3
   Stab: Confused          |       |     2 ||     2
 Armour: Robe              |     4 |       ||     4
  Dodge: Dodged            |     9 |    17 ||    26

Table legend: (Time is in decaauts)
 A = Elapsed time spent in this place.
 B = Non-inter-level travel time spent in this place.
 C = Inter-level travel time spent in this place.
 D = Time resting spent in this place.
 E = Time spent auto-exploring this place.
 F = Levels seen in this place.
 G = Mean time per level.
                   A        B        C        D        E       F      G
               +--------+--------+--------+--------+--------+-----+--------+
         Total |   3836 |   3785 |     51 |    369 |   3007 |   4 |  959.0 |
       Dungeon |   3836 |   3785 |     51 |    369 |   3007 |   4 |  959.0 |
               +--------+--------+--------+--------+--------+-----+--------+

Top non-repeatable levels by time:
     D:2: 1147 daAuts
     D:1: 1112 daAuts
     D:3: 858 daAuts
     D:4: 718 daAuts
